 Dungeon Crawl Stone Soup version 0.29-a0-210-g9445043ebc (webtiles) character file.

Game seed: 14315282569991269031

82 HotDog the Skirmisher (level 4, -4/40 HPs)
             Began as a Hill Orc Fighter on Feb 24, 2022.
             Succumbed to a water moccasin's poison
             ... on level 4 of the Dungeon.
             The game lasted 00:01:57 (2658 turns).

HotDog the Skirmisher (Hill Orc Fighter)            Turns: 2658, Time: 00:01:58

Health: -4/40      AC:  9    Str: 18    XL:     4   Next: 43%
Magic:  5/5        EV:  9    Int:  8    God:
Gold:   199        SH:  4    Dex: 12    Spells: 3/3 levels left

rFire   . . .      SeeInvis .   a - +0 war axe
rCold   . . .      Faith    .   c - +0 buckler
rNeg    . . .      Spirit   .   b - +0 scale mail
rPois   .          Reflect  .   (no helmet)
rElec   .          Harm     .   (no cloak)
rCorr   .          Rampage  .   o - +1 pair of gloves
Will    .....                   (no boots)
Stlth   ..........              (no amulet)
HPRegen 0.13/turn               (no ring)
MPRegen 0.09/turn               (no ring)

@: lethally poisoned (-4 -> -35)
A: no striking features
a: no special abilities


You were on level 4 of the Dungeon.
You visited 1 branch of the dungeon, and saw 4 of its levels.

You collected 199 gold pieces.

Inventory:

Hand Weapons
 a - a +0 war axe (weapon)
Armour
 b - a +0 scale mail (worn)
 c - a +0 buckler (worn)
 o - a +1 pair of gloves (worn)
Jewellery
 t - a +6 ring of intelligence
Scrolls
 e - 3 scrolls of immolation {unknown}
 f - a scroll of enchant weapon {unknown}
 h - a scroll of noise {unknown}
 i - 2 scrolls of teleportation {unknown}
 q - a scroll of enchant armour {unknown}
 s - 4 scrolls of identify {unknown}
Potions
 d - a potion of might
 g - 2 potions of curing {unknown}
 j - a potion of lignification {unknown}
 k - 3 potions of degeneration {unknown}
 l - a potion of mutation {unknown}
 m - a potion of ambrosia {unknown}
 n - a potion of attraction {unknown}
 p - a potion of berserk rage {unknown}
 r - 2 potions of brilliance {unknown}


   Skills:
 * Level 4.0 Fighting
 * Level 3.9 Axes
 * Level 3.8 Armour
 * Level 0.7 Dodging
 * Level 3.6 Shields
 * Level 1.9 Invocations


You had 3 spell levels left.
You didn't know any spells.
Your spell library contained the following spells:

 Spells                   Type           Power      Damage    Failure   Level
 Summon Guardian Golem    Hex/Summ       0%         N/A       99%         3
 Orb of Destruction       Conj           0%         9d5       100%        7
 Spellforged Servitor     Conj/Summ      0%         N/A       100%        7


Dungeon Overview and Level Annotations

Branches:
Dungeon (4/15)
 Temple: D:4-7

Altars:

Annotations:
D:2 1 runed translucent door, Crazy Yiuf


Message History

There is a stone staircase leading down here.
There is a stone staircase leading down here.
There is an open door here.
There is an open door here.
Done exploring.
Done exploring.
Done exploring.
There is an open door here.
There is an open door here.
There is a stone staircase leading down here.
You climb downwards.
There is a stone staircase leading up here.
Found a stone staircase leading down.
There is a stone staircase leading down here.
A hobgoblin comes into view.
The hobgoblin shouts!
You hear an angry hiss.
A hobgoblin is nearby!
A hobgoblin is nearby!
A water moccasin comes into view.
You barely miss the hobgoblin.
The hobgoblin hits you but does no damage. x2
You hit the water moccasin but do no damage.
You barely miss the hobgoblin. The water moccasin bites you.
The hobgoblin hits you but does no damage.
The water moccasin bites you.
You are poisoned.
The water moccasin poisons you!
You hit the water moccasin but do no damage.
You barely miss the hobgoblin.
You feel very sick. The water moccasin bites you!
You are lethally poisoned!
The water moccasin poisons you! The hobgoblin hits you.
The water moccasin bites you!
* * * LOW HITPOINT WARNING * * *
You are more poisoned.
The water moccasin poisons you!
* * * LOW HITPOINT WARNING * * *
You feel extremely sick.
You die...

#### ##... ...# ###..##
..... #..# ### #Sg# ##..
#####..##############...
........@................
#######.##############.#.
.... #.#. ###.# #.#. ..#
#.#. ... #.#. #### ####


You could see a water moccasin and a hobgoblin.

Vanquished Creatures
  2 adders
  A dart slug (D:1)
  3 orcs (D:3)
  5 endoplasms (D:1)
  3 giant cockroaches
  3 goblins
  4 hobgoblins
  8 jackals
  A kobold (D:3)
  A quokka (D:1)
  2 ball pythons
  11 bats
  8 frilled lizards
  2 rats
54 creatures vanquished.

Notes
Turn   | Place    | Note
-------+----------+-------------------------------------------
     0 | D:1      | HotDog the Hill Orc Fighter began the quest for the Orb.
     0 | D:1      | Reached XP level 1. HP: 19/19 MP: 1/1
   149 | D:1      | Reached XP level 2. HP: 26/27 MP: 2/2
   490 | D:1      | Found a faded altar of an unknown god.
   773 | D:1      | Reached skill level 1 in Invocations
   773 | D:1      | Reached XP level 3. HP: 33/33 MP: 3/3
  1709 | D:2      | Reached XP level 4. HP: 40/40 MP: 5/5
  1825 | D:2      | Found a runed translucent door.
  1826 | D:2      | Noticed Crazy Yiuf
  2491 | D:3      | Reached skill level 4 in Fighting
  2652 | D:4      | Noticed a water moccasin
  2658 | D:4      | Succumbed to a water moccasin's poison

Illustrated notes

Levels and vault maps discovered:
D:1:      minmay_arrival_four_loops, layout_basic,
          hellmonk_ecumenical_altar_inner_sanctum
D:2:      layout_basic, uniq_crazy_yiuf_cottage
D:3:      layout_basic
D:4:      layout_basic, minitemple, hangedman_decor_slide_cut,
          minmay_manual_macuahuitl

Skill      XL: |  1  2  3  4 |
---------------+-------------+-----
Axes           | 3 |  3.9
Invocations    | 1 |  1.9
Fighting       | 4 |  4.0
Armour         | |  3.8
Dodging        | |  0.7
Shields        | |  3.6

Action                   |  1- 3 |  4- 6 || total
-------------------------+-------+-------++-------
Melee: War axe           |   121 |    53 ||   174
Armor: Scale mail        |    77 |    24 ||   101
Dodge: Dodged            |    72 |    32 ||   104
Block: Buckler           |    37 |     6 ||    43

Table legend: (Time is in decaauts)
 A = Elapsed time spent in this place.
 B = Non-inter-level travel time spent in this place.
 C = Inter-level travel time spent in this place.
 D = Time resting spent in this place.
 E = Time spent auto-exploring this place.
 F = Levels seen in this place.
 G = Mean time per level.
                   A        B        C        D        E       F      G
               +--------+--------+--------+--------+--------+-----+--------+
         Total |   2722 |   2619 |    103 |      0 |   2192 |   4 |  680.5 |
       Dungeon |   2722 |   2619 |    103 |      0 |   2192 |   4 |  680.5 |
               +--------+--------+--------+--------+--------+-----+--------+

Top non-repeatable levels by time:
     D:1: 1281 daAuts
     D:3: 748 daAuts
     D:2: 648 daAuts
     D:4: 43 daAuts
